 Dungeon Crawl Stone Soup version 0.30-a0-297-g0ec75d9ef4 (webtiles) character file.

Game seed: 7963933539077601806

480 plokij the Slasher (level 6, -4/56 HPs)
             Began as a Minotaur Fighter on Oct 19, 2022.
             Killed from afar by Dowan (7 damage)
             ... with a stone arrow
             ... on level 4 of the Dungeon.
             The game lasted 00:07:59 (3107 turns).

plokij the Slasher (Minotaur Fighter)               Turns: 3107, Time: 00:08:00

Health: -4/56      AC:  8    Str: 21    XL:     6   Next: 86%
Magic:  0/5        EV:  9    Int:  5    God:
Gold:   216        SH:  5    Dex: 11    Spells: 5/5 levels left

rFire   . . .      SeeInvis +    a - +0 long sword
rCold   . . .      Faith    .    c - +0 buckler
rNeg    . . .      Spirit   +    b - +0 scale mail
rPois   .          Reflect  .    (helmet restricted)
rElec   .          Harm     .    n - +0 cloak
rCorr   .          Rampage  .    (no gloves)
Will    .....                    (no boots)
Stlth   ..........               l - amulet of guardian spirit
HPRegen 0.29/turn                r - ring of see invisible
MPRegen 0.09/turn                (no ring)

@: no status effects
A: horns 2, retaliatory headbutt
a: no special abilities


You were on level 4 of the Dungeon.
You visited 1 branch of the dungeon, and saw 4 of its levels.

You collected 216 gold pieces.

Inventory:

Hand Weapons
 a - a +0 long sword (weapon)
Armour
 b - a +0 scale mail (worn)
 c - a +0 buckler (worn)
 n - a +0 cloak (worn)
Jewellery
 l - an amulet of guardian spirit (around neck)
 r - a ring of see invisible (left hand)
Scrolls
 e - 6 scrolls of identify {unknown}
 f - a scroll of amnesia {unknown}
 h - 2 scrolls of magic mapping {unknown}
 m - a scroll of enchant weapon {unknown}
 p - a scroll of noise {unknown}
 q - 4 scrolls of poison {unknown}
 t - a scroll of vulnerability {unknown}
 u - a scroll of immolation {unknown}
 v - a scroll of torment {unknown}
Potions
 d - 2 potions of might
 g - 3 potions of haste {unknown}
 i - a potion of resistance
 j - 3 potions of brilliance {unknown}
 k - 2 potions of heal wounds {unknown}
 o - 3 potions of attraction {unknown}
 s - a potion of flight {unknown}


   Skills:
 + Level 5.2 Fighting
 * Level 6.0 Long Blades
 + Level 5.2 Armour
 + Level 5.2 Shields


You had 5 spell levels left.
You didn't know any spells.
Your spell library contained the following spells:

 Spells                   Type           Power      Damage    Failure   Level
 Summon Small Mammal      Summ           0%         N/A       87%         1
 Blink                    Tloc           0%         N/A       95%         2
 Momentum Strike          Conj/Tloc      0%         3d8       95%         2
 Call Canine Familiar     Summ           0%         N/A       99%         3
 Lesser Beckoning         Tloc           0%         N/A       99%         3
 Summon Guardian Golem    Hex/Summ       0%         N/A       99%         3


Dungeon Overview and Level Annotations

Branches:
Dungeon (4/15)
 Temple: D:4-7

Altars:
Fedhas

Annotations:
D:4 Dowan


Innate Abilities, Weirdness & Mutations

You have a pair of horns on your head.
You reflexively headbutt those who attack you in melee.


Message History

You block Duvessa's attack. Dowan hits you with a +0 dagger.
Dowan points at Duvessa and mumbles some strange words.
Duvessa seems to speed up.
Duvessa hits you but does no damage.
You hit Duvessa. Your headbutt misses Duvessa.
Duvessa is heavily wounded.
Duvessa barely misses you. You block Dowan's attack.
You hit Duvessa but do no damage.
Duvessa is heavily wounded.
Duvessa hits you with a +0 rapier. Duvessa hits you but does no damage.
You block Dowan's attack.
You slash Duvessa! You headbutt Duvessa, but do no damage.
Duvessa is almost dead.
Duvessa hits you with a +0 rapier.
Dowan points at you and mumbles some strange words.
The puff of frost hits you! Duvessa hits you with a +0 rapier.
You slash Duvessa!
You kill Duvessa!
Dowan's eyes darken. "You have made a black mistake."
Dowan seems to find hidden reserves of power!
Dowan hits you with a +0 dagger. Dowan hits you but does no damage.
Your Long Blades skill increases to level 6!
Dowan hits you but does no damage.
Things that are here:
a +0 rapier; a +0 leather armour; the elf corpse of Duvessa You barely miss Dowan.
Dowan breathes, "And she was my only..."
Dowan closely misses you. You furiously retaliate!
You headbutt Dowan. Dowan hits you but does no damage.
You closely miss Dowan. You headbutt Dowan, but do no damage.
Dowan is lightly wounded.
Dowan gestures at you while chanting. The shard of ice hits you!
* * * LOW HITPOINT WARNING * * *
Dowan hits you with a +0 dagger.
* * * LOW HITPOINT WARNING * * *
You hit Dowan but do no damage.
Dowan is lightly wounded.
Dowan casts a spell at you. The stone arrow hits you!
You die...

#....#..#.#.#
#.#
#....#..#.#.#
#.#
#....#..#.#.#
#.#
##.#.#..#.#.#
#.# #.#.#..#.#.#
#.#
#.#.#..#.#.###.#
#.#)#<.#.#.....#
#.#.#.##....####
#.#.#.@....##
#.#.##e###.# ###
#........##
.....##........#
#.'........#
#....#......(.#
#.e#############
..


You could see Dowan (fast).

Vanquished Creatures
  Sigmund (D:2)
  Duvessa (D:4)
  An ogre (D:4)
  An orc priest (D:3)
  Robin (D:3)
  An adder (D:3)
  A worm (D:4)
  A dart slug (D:3)
  3 orcs
  3 bats
  6 endoplasms
  4 giant cockroaches
  13 goblins
  11 hobgoblins
  7 jackals
  2 quokkas
  6 ball pythons
  2 frilled lizards
  12 kobolds
  2 rats
79 creatures vanquished.

Notes
Turn   | Place    | Note
-------+----------+-------------------------------------------
     0 | D:1      | plokij the Minotaur Fighter began the quest for the Orb.
     0 | D:1      | Reached XP level 1. HP: 19/19 MP: 0/0
     3 | D:1      | Noticed an electric eel
     4 | D:1      | Noticed an electric eel
    93 | D:1      | Reached XP level 2. HP: 27/27 MP: 1/1
   120 | D:1      | Reached skill level 3 in Long Blades
   593 | D:2      | Noticed Sigmund
   741 | D:2      | Reached XP level 3. HP: 33/33 MP: 2/2
  1155 | D:2      | Killed Sigmund
  1156 | D:2      | Reached skill level 4 in Long Blades
  1156 | D:2      | Reached XP level 4. HP: 7/41 MP: 3/3
  1156 | D:2      | Reached XP level 5. HP: 8/47 MP: 4/4
  1308 | D:2      | Found a faded altar of an unknown god.
  1388 | D:3      | Noticed Robin
  1461 | D:3      | Killed Robin
  1547 | D:3      | Reached skill level 5 in Long Blades
  1819 | D:3      | Found a blossoming altar of Fedhas.
  2425 | D:3      | Reached XP level 6. HP: 52/55 MP: 5/5
  2710 | D:4      | Reached skill level 5 in Fighting
  2710 | D:4      | Reached skill level 5 in Armour
  2710 | D:4      | Reached skill level 5 in Shields
  3085 | D:4      | Noticed Duvessa
  3085 | D:4      | Noticed Dowan
  3103 | D:4      | Killed Duvessa
  3104 | D:4      | Reached skill level 6 in Long Blades
  3106 | D:4      | HP: 2/56 [Dowan/+0 dagger (3)]
  3107 | D:4      | Killed from afar by Dowan

Illustrated notes

Levels and vault maps discovered:
D:1:      arrival_aquarium_b, layout_rooms
D:2:      layout_basic, shapermc_ecumenical_altar_acropolis, uniq_sigmund
D:3:      layout_loops_corners, mainiacjoe_overflow_paths,
          kennysheep_generic_room_5, uniq_robin
D:4:      layout_basic, zin_academy, serial_shops, kennysheep_little_box,
          uniq_duvessa

Skill      XL: |  1  2  3  4  5  6 |
---------------+-------------------+-----
Long Blades    | 3 4 5 6 |  6.0
Fighting       | 4 5 |  5.2
Shields        | 4 5 |  5.2
Armour         | 4 5 |  5.2

Action                   |  1- 3 |  4- 6 || total
-------------------------+-------+-------++-------
Melee: Long sword        |    79 |    94 ||   173
       Headbutt          |     4 |    19 ||    23
Armor: Scale mail        |    44 |    44 ||    88
Dodge: Dodged            |    51 |    45 ||    96
Block: Buckler           |    14 |    31 ||    45

Table legend: (Time is in decaauts)
 A = Elapsed time spent in this place.
 B = Non-inter-level travel time spent in this place.
 C = Inter-level travel time spent in this place.
 D = Time resting spent in this place.
 E = Time spent auto-exploring this place.
 F = Levels seen in this place.
 G = Mean time per level.
                   A        B        C        D        E       F      G
               +--------+--------+--------+--------+--------+-----+--------+
         Total |   3150 |   2594 |    556 |    377 |   1569 |   4 |  787.5 |
       Dungeon |   3150 |   2594 |    556 |    377 |   1569 |   4 |  787.5 |
               +--------+--------+--------+--------+--------+-----+--------+

Top non-repeatable levels by time:
     D:3: 1236 daAuts
     D:2: 1005 daAuts
     D:1: 590 daAuts
     D:4: 317 daAuts
